 Dungeon Crawl Stone Soup version 0.31-a0-1278-g11c5b68 (webtiles) character file.

Game seed: 6915330205917548403

63018 edsrzf the Fencer (level 15, -3/92 HPs)
             Began as an Octopode Ice Elementalist on Dec 16, 2023.
             Was a High Priest of Sif Muna.
             Killed from afar by a hell hog (27 damage)
             ... with a fireball
             ... in a Gauntlet on Dec 17, 2023.
             The game lasted 01:20:41 (24204 turns).

edsrzf the Fencer (Octopode Ice Elementalist)      Turns: 24204, Time: 01:20:43

Health: -3/92      AC:  3    Str:  7    XL:     15   Next: 8%
Magic:  13/25      EV: 18    Int: 28    God:    Sif Muna [*****.]
Gold:   1830       SH: 18    Dex: 16    Spells: 1/28 levels left

rFire   + . .        a - +1 dagger (venom)
rCold   + . .        H - +0 kite shield
rNeg    + . .        L - +2 hat
rPois   .            i - amulet of reflection
rElec   .            g - +5 ring of evasion
rCorr   .            t - +6 ring of intelligence
SInv    .            R - ring of protection from cold
Will    +....        d - ring of positive energy
Stlth   ++++++       c - ring of protection from fire
HPRegen 0.35/turn    (no ring)
MPRegen 0.19/turn    (no ring)
                     (no ring)

%: no teleportation, reflection
@: freezing walls, on blink cooldown, very slightly contaminated
A: almost no armour, amphibious, 8 rings, camouflage 1, gelatinous body 1,
(nimble swimmer 1), tentacles
a: Renounce Religion, Channel Magic, Forget Spell, Divine Exegesis


You were in a Gauntlet.
You worshipped Sif Muna.
Sif Muna was extremely pleased with you.
You visited 4 branches of the dungeon, and saw 21 of its levels.
You also visited: Gauntlet.

You collected 1956 gold pieces.
You spent 126 gold pieces at shops.

Inventory:

Hand Weapons
 a - a +1 dagger of venom (weapon)
 b - a +6 long sword of freezing
Missiles
 e - 36 poisoned darts
 p - 15 boomerangs
 z - 3 throwing nets {=f}
 M - a curare-tipped dart
Armour
 H - a +0 kite shield (worn)
 L - a +2 hat (worn)
Jewellery
 c - a ring of protection from fire (on tentacle)
 d - a ring of positive energy (on tentacle)
 g - a +5 ring of evasion (left tentacle)
 i - an amulet of reflection (around mantle)
 l - the amulet "Faycyrun" {Acrobat Harm rC+ Dex+2}
   (You found it in a Gauntlet)

   [amulet of the acrobat]

   Acrobat:   It increases your evasion while moving and waiting.
   Dex+2:     It affects your dexterity (+2).
   rC+:       It protects you from cold.
   Harm:      It increases damage dealt and taken.
 q - an amulet of the acrobat
 t - a +6 ring of intelligence (right tentacle)
 K - a ring of flight
 R - a ring of protection from cold (on tentacle)
 S - a ring of ice
Talismans
 k - a blade talisman
 D - a serpent talisman
 J - a granite talisman
 W - a maw talisman
Wands
 o - a wand of charming (13)
 B - a wand of light (8)
 E - a wand of iceblast (20)
 F - a wand of flame (37)
 Q - a wand of mindburst (7)
 X - a wand of digging (3)
Scrolls
 f - 2 scrolls of revelation
 n - 7 scrolls of teleportation {@r3}
 r - 2 scrolls of fog
 w - 2 scrolls of blinking
 x - a scroll of silence {!r}
 y - 2 scrolls of torment
 N - a scroll of poison
 O - a scroll of enchant armour
 P - 2 scrolls of vulnerability
 T - a scroll of identify {@r1}
 Z - a scroll of fear
Potions
 h - 4 potions of mutation {!q}
 j - a potion of brilliance
 s - 3 potions of haste
 u - a potion of resistance
 v - 2 potions of ambrosia
 A - 4 potions of might
 C - 4 potions of enlightenment
 G - a potion of cancellation
 I - 2 potions of magic
 Y - a potion of curing
Miscellaneous
 U - a lightning rod (4/4)
 V - a tin of tremorstones (2/2)


   Skills:
 - Level 5.0 Fighting
 - Level 15.0 Long Blades
 - Level 5.0 Dodging
 - Level 10.5 Stealth
 - Level 13.1 Shields
 - Level 7.0 Spellcasting
 - Level 7.0 Hexes
 - Level 7.0 Necromancy
 - Level 2.0 Translocations
 - Level 7.0 Ice Magic
 + Level 9.3 Shapeshifting


You had one spell level left.
You knew the following spells:

 Your Spells              Type           Power      Damage    Failure   Level
b - Blink                 Tloc           42%        N/A       11%         2
d - Tukima's Dance        Hex            49%        N/A       2%          3
f - Frozen Ramparts       Ice            98%        1d15      2%          3
h - Ensorcelled Hibernat  Hex/Ice        98%        N/A       1%          2
o - Ozocubu's Armour      Ice            49%        N/A       2%          3
u - Dispel Undead         Necr           49%        3d18      9%          4
w - Swiftness             Air            9%         N/A       43%         3
z - Dazzling Flash        Conj/Hex       58%        N/A       12%         3
C - Mephitic Cloud        Conj/Pois/Air  9%         N/A       43%         3
X - Freeze                Ice            100%       1d10      1%          1

Your spell library contained the following spells:

 Spells                   Type           Power      Damage    Failure   Level
 Sandblast                Erth           18%        2d7       16%         1
 Sigil of Binding         Hex            49%        N/A       2%          3
 Anguish                  Hex/Necr       24%        N/A       9%          4
 Animate Dead             Necr           49%        N/A       9%          4
 Cigotuvi's Dreadful Rot  Necr/Pois/Air  44%        N/A       10%         2
 Lesser Beckoning         Tloc           42%        N/A       11%         2
 Momentum Strike          Conj/Tloc      30%        3d8       16%         2
 Passwall                 Tmut/Erth      7%         N/A       24%         2
 Dimensional Bullseye     Hex/Tloc       17%        N/A       26%         4
 Volatile Blastmotes      Fire/Tloc      30%        2d12      32%         3
 Summon Ice Beast         Ice/Summ       29%        N/A       36%         4
 Ignite Poison            Fire/Tmut/Pois 9%         N/A       43%         3
 Stone Arrow              Conj/Erth      18%        3d8       43%         3
 Iskenderun's Mystic Bla  Conj/Tloc      15%        2d5       71%         4
 Death Channel            Necr           24%        N/A       80%         6
 Brom's Barrelling Bould  Conj/Erth      9%         2d3       85%         4
 Sticky Flame             Conj/Fire      9%         2d3       85%         4
 Summon Forest            Summ/Tloc      7%         N/A       96%         5
 Lee's Rapid Deconstruct  Erth           4%         3d5*      99%         5
 Eringya's Noxious Bog    Tmut/Pois      4%         4d6       100%        6
 Starburst                Conj/Fire      4%         6d4       100%        6
 Haunt                    Necr/Summ      14%        N/A       100%        7
 Ozocubu's Refrigeration  Ice            24%        4d12      100%        7
 Summon Hydra             Summ           4%         N/A       100%        7
 Discord                  Hex            24%        N/A       100%        8
 Ignition                 Fire           4%         3d4       100%        8
 Infestation              Necr           24%        N/A       100%        8
 Maxwell's Capacitive Co  Air            4%         ∞         100%        8
 Shatter                  Erth           4%         3d8*      100%        9


Dungeon Overview and Level Annotations

Branches:
Dungeon (13/15)            Temple (1/1) D:4            Lair (5/5) D:9
 Shoals (0/4) Lair:2        Snake (0/4) Lair:3        Slime (0/5) Lair:4
    Orc (2/2) D:11            Elf (0/3) Orc:2       Gauntlet (1/1)
 Vaults: D:13-14

Altars:
Ashenzari
Cheibriados
Dithmenos
Elyvilon
Fedhas
Gozag
Hepliaklqana
Kikubaaqudgha
Makhleb
Nemelex Xobeh
Okawaru
Qazlal
Ru
Sif Muna
Trog
Uskayaw
Vehumet
Wu Jian
Xom
Yredelemnul
Zin
The Shining One
Jiyva

Shops:
D:8 *   D:9 [   D:11 ?   Orc:2 [(*:

Annotations:
D:4 2 transporters, gwaga3's ghost, amateur GnHu
D:7 1 runed translucent door
D:11 3 runed translucent doors
D:12 1 runed translucent door, Sumgai83's ghost, journeyman SpEn
Lair:2 1 runed translucent door, Afrinuqu's ghost, journeyman HOFi Gauntlet 11 transporters, 21 runed translucent doors


Innate Abilities, Weirdness & Mutations

You cannot wear most types of armour.
You are amphibious.
You can wear up to eight rings at the same time.
Your skin changes colour to match your surroundings (Stealth+).
Your rubbery body absorbs attacks. (AC +1, EV +1)
((You are camouflaged when in or above water. (Stealth+)))
You have tentacles for arms and can constrict up to eight enemies at once.


Message History

The catoblepas bellows!
You feel yourself slow down.
Unknown command.
You feel ready to blink again.
There is a transporter here.
c - a ring of protection from fire (on tentacle)
Okay, then.
You enter the transporter and appear at another place.
Casting: Blink (safe; 11% risk of failure)
Confirm with . or Enter, or press ? or * to list all spells.
Aiming: Ensorcelled Hibernation (safe; 1% risk of failure)
Press: ? - help, Shift-Dir - straight line, f - fire bat
Aim: a fire bat (chance to affect: 78%)
The fire bat looks drowsy...
The hell hound breathes flames at you. The blast of flame hits you! You resist.
The hell hog breathes fire at you.
The fireball explodes!
The fireball engulfs the fire bat.
The fire bat completely resists.
The fireball engulfs the fire bat.
The fire bat completely resists.
The fireball engulfs you! You resist.
The fireball engulfs the hell hog.
The hell hog completely resists.
You block the fire bat's attack. The fire bat closely misses you.
You barely miss the fire bat. You grab the fire bat. You squeeze the fire bat.
The fire bat is moderately wounded.
You constrict the fire bat, but do no damage.
You block the fire bat's attack. The fire bat bites you.
You are engulfed in flames.
You resist. The fire bat bites you.
You are engulfed in flames.
You resist. You block the fire bat's attack.
Casting: Ensorcelled Hibernation (safe; 1% risk of failure)
Confirm with . or Enter, or press ? or * to list all spells.
Casting: Frozen Ramparts (mildly dangerous; 2% risk of failure)
Press: ? - help, Dir - look around, f - activate A transporter landing site, spattered with blood.
You miscast Frozen Ramparts.
You are very lightly contaminated with residual magic.
Nothing appears to happen.
You constrict the fire bat. You block the fire bat's attack.
The fire bat bites you.
You are engulfed in flames.
You resist. The fire bat barely misses you. The hell hog breathes fire at you.
The fireball explodes!
The fireball engulfs the fire bat.
The fire bat completely resists.
The fireball engulfs you!! You resist.
The fireball engulfs the hell hog.
The hell hog completely resists.
The fireball engulfs the fire bat.
The fire bat completely resists.
You block the fire bat's attack. You block the hell hound's attack.
The fire bat bites you.
* * * LOW HITPOINT WARNING * * *
You are engulfed in flames.
You resist.
* * * LOW HITPOINT WARNING * * *
Okay, then.
Okay, then.
Casting: Frozen Ramparts (mildly dangerous; 2% risk of failure)
Confirm with . or Enter, or press ? or * to list all spells.
You blink.
You lose your grip on the fire bat.
The fire bat bites you but does no damage.
Unknown command.
Casting: Blink (safe; 11% risk of failure)
Confirm with . or Enter, or press ? or * to list all spells.
Casting: Frozen Ramparts (mildly dangerous; 2% risk of failure)
Press: ? - help, Dir - look around, f - activate The walls around you are covered in ice.
The wall freezes the fire bat.
The fire bat is frozen!
The wall freezes the fire bat!
The fire bat completely misses you.
The hell hound is frozen!
The wall freezes the hell hound.
The fire bat is frozen!
The wall freezes the fire bat.
You block the fire bat's attack.
The fire bat is frozen!
The wall freezes the fire bat!
Okay, then.
Press: ? - help, v - describe, . - travel
Here: a hell hog The floor.
Unknown command.
Casting: Frozen Ramparts (mildly dangerous; 2% risk of failure)
Confirm with . or Enter, or press ? or * to list all spells.
Aiming: Ensorcelled Hibernation (safe; 1% risk of failure)
Press: ? - help, Shift-Dir - straight line, f - hell hog
Aim: a hell hog (chance to affect: 53%)
Okay, then.
Okay, then.
Casting: Ensorcelled Hibernation (safe; 1% risk of failure)
Confirm with . or Enter, or press ? or * to list all spells.
Aiming: Ensorcelled Hibernation (safe; 1% risk of failure)
Press: ? - help, Shift-Dir - straight line, f - hell hog
Aim: a hell hog (chance to affect: 53%)
The hell hog looks drowsy...
The fire bat is frozen!
The wall freezes the fire bat.
You block the fire bat's attack.
The fire bat is frozen!
The wall freezes the fire bat.
The fire bat is frozen!
The wall freezes the fire bat.
You kill the fire bat!
Sif Muna accepts your kill.
The fire bat is frozen!
The wall freezes the fire bat.
The wall freezes the hell hog.
The hell hog squeals angrily.
You block the hell hog's attack.
The hell hound is frozen!
The wall freezes the hell hound!
The wall freezes the fire bat but does no damage.
The fire bat is frozen!
The wall freezes the fire bat.
The fire bat completely misses you.
The wall freezes the hell hog!
The hell hog breathes fire at you.
The fireball explodes!
The fireball engulfs you!! You resist.
You die...

#≈...............≈#
#8.8.8.8.8.8.8.8.8#
#§...............§# #8
######.#########.##########
.....#.#..≈∩§..#.#.......§#
.....#©#.......#©#........###
##########...###########..#8#
....#..#$#...#...h.....#..###
...#..#.?#...#.#@#.#.#.#....#
..#P.#..##...#..#b#.#..#....###
W#..#..#.#...#!#.#b#.#.###..#8#
#.©#..#.©#...#©.#.©.#..#©#..###
.#..#..#.#...#[#.#.#.#.#Y#..#
..#P.#..##...#)b#.#.#..#.#..###
...#..#.=#...#.#.#.#.#.#.#..#8#
W...#.W#.#.§.#.........#.#..#####
##########.§§###########.#.......


You could see a hell hog (catching breath) and 2 fire bats.

Vanquished Creatures
  An orc warlord (Orc:2)
  An ettin (Orc:2)
  Josephine (D:11)
  The ghost of wqsa789 the Blocker, a journeyman GnFi of Ashenzari (Orc:2)
  Harold (Orc:1)
  2 hydras
  A centaur warrior (D:10)
  An ogre mage (D:10)
  3 two-headed ogres
  3 boulder beetles
  Urug (D:11)
  A skyshark (Lair:4)
  8 deep elf pyromancers
  5 orc knights
  A deep elf zephyrmancer (Orc:2)
  2 manticores
  An ugly thing (D:12)
  3 orc sorcerers (Orc:2)
  A kobold blastminer (Orc:2)
  9 elephants
  3 black mambas
  A gargoyle (D:10)
  A torpor snail (Lair:2)
  2 unseen horrors
  Jeremiah (D:9)
  An eye of devastation (Gauntlet)
  4 cane toads
  9 komodo dragons
  4 rime drakes
  A kobold demonologist (D:8)
  5 trolls
  3 meliai (D:13)
  7 hornets
  7 polar bears
  A glass eye (Gauntlet)
  9 blink frogs
  A dream sheep (Lair:5)
  13 spriggans (Lair:5)
  21 slime creatures
  A shadow (D:12)
  33 yaks
  A fire elemental (D:8)
  8 wraiths
  4 wyverns
  A warg (Orc:2)
  5 fire bats
  A golden eye (Gauntlet)
  5 basilisks (Lair:5)
  5 vampire mosquitoes
  3 steam dragons
  2 nagas (Lair:3)
  A hell hound (D:8)
  2 acid dragons
  16 water moccasins
  3 black bears (Lair:5)
  31 orc warriors
  An ice beast (D:7)
  A sky beast (D:8)
  9 ogres
  25 wolves
  3 boggarts (Lair:5)
  A centaur (D:10)
  3 kobold brigands
  2 phantoms
  6 bullfrogs
  5 scorpions
  7 killer bees
  2 jellies
  7 hounds
  12 orc priests
  2 sleepcaps
  5 iguanas
  4 hell rats (Lair:2)
  16 orc wizards
  7 gnolls
  5 adders
  3 white imps
  2 worms
  77 orcs
  5 ball pythons
  6 bats
  4 endoplasms
  6 giant cockroaches
  12 goblins
  8 hobgoblins
  2 quokkas
  2 frilled lizards
  10 kobolds
  10 rats
533 creatures vanquished.

Vanquished Creatures (collateral kills)
  An orc knight (Orc:2)
  A vampire mosquito (D:10)
  2 lava snakes (D:8)
  An orc (Orc:2)
5 creatures vanquished.

Vanquished Creatures (others)
  A deep elf zephyrmancer (Orc:2)
1 creature vanquished.

Grand Total: 539 creatures vanquished

Notes
Turn   | Place    | Note
-------+----------+-------------------------------------------
     0 | D:1      | edsrzf the Octopode Ice Elementalist began the quest for
                  | the Orb.
     0 | D:1      | Reached XP level 1. HP: 11/11 MP: 3/3
   246 | D:1      | Reached XP level 2. HP: 16/17 MP: 1/5
   786 | D:1      | Reached XP level 3. HP: 21/21 MP: 2/6
   829 | D:1      | Learned a level 3 spell: Frozen Ramparts
   833 | D:1      | Learned a level 3 spell: Ozocubu's Armour
  1033 | D:2      | Reached skill level 3 in Spellcasting
  1204 | D:2      | Reached XP level 4. HP: 26/27 MP: 6/8
  1665 | D:2      | Found a blossoming altar of Fedhas.
  1679 | D:2      | Reached skill level 5 in Ice Magic
  2335 | D:3      | Reached XP level 5. HP: 26/31 MP: 4/9
  2561 | D:3      | Noticed a water moccasin
  2566 | D:3      | Killed a water moccasin
  2567 | D:3      | Reached skill level 6 in Ice Magic
  2567 | D:3      | Reached XP level 6. HP: 26/36 MP: 1/10
  2659 | D:3      | Found a faded altar of an unknown god.
  2668 | D:3      | Learned a level 2 spell: Ensorcelled Hibernation
  2735 | D:3      | Found a blossoming altar of Fedhas.
  2778 | D:3      | Found a hide-covered altar of Uskayaw.
  2896 | D:4      | Noticed gwaga3's ghost (amateur GnHu)
  2896 | D:4      | Found a transporter.
  3083 | D:4      | Found a staircase to the Ecumenical Temple.
  3113 | D:4      | Found a transporter.
  3146 | Temple   | Entered the Ecumenical Temple
  3158 | Temple   | Became a worshipper of Sif Muna the Loreminder
  3253 | D:4      | Reached skill level 7 in Ice Magic
  3335 | D:4      | Reached skill level 3 in Stealth
  3335 | D:4      | Upgraded the game from 0.31-a0-1265-gaa4636e to
                  | 0.31-a0-1272-g9f703e4
  3401 | D:4      | Identified the +1 sling of Anoisageny {antimagic, rElec
                  | Will+++ Int-2 Dex-2}
  3581 | D:4      | Reached skill level 1 in Hexes
  3839 | D:4      | Identified 3 scrolls of identify
  3839 | D:4      | Identified a potion of heal wounds
  3840 | D:4      | Identified a potion of mutation
  3841 | D:4      | Identified a potion of lignification
  3872 | D:5      | Entered Level 5 of the Dungeon
  3897 | D:5      | Reached skill level 4 in Stealth
  3897 | D:5      | Reached skill level 2 in Hexes
  3897 | D:5      | Reached XP level 7. HP: 34/41 MP: 1/11
  4039 | D:5      | Reached skill level 5 in Stealth
  4102 | D:5      | Reached skill level 3 in Hexes
  4147 | D:5      | Reached skill level 6 in Stealth
  4718 | D:6      | Reached skill level 4 in Hexes
  4718 | D:6      | Reached XP level 8. HP: 25/46 MP: 6/12
  4803 | D:6      | Reached skill level 7 in Stealth
  5250 | D:6      | Reached skill level 5 in Hexes
  5560 | D:7      | Reached skill level 8 in Stealth
  5827 | D:7      | Found a sacrificial altar of Ru.
  6009 | D:7      | Reached skill level 9 in Stealth
  6013 | D:7      | Learned a level 3 spell: Dazzling Flash
  6063 | D:7      | Reached * piety under Sif Muna
  6102 | D:7      | Identified a potion of resistance
  6139 | D:7      | Reached skill level 6 in Hexes
  6378 | D:7      | Noticed a wyvern
  6387 | D:7      | Killed a wyvern
  6388 | D:7      | Reached XP level 9. HP: 51/51 MP: 7/13
  6438 | D:7      | Noticed a komodo dragon
  6473 | D:7      | Reached skill level 10 in Stealth
  6507 | D:7      | Reached skill level 7 in Hexes
  6790 | D:7      | Reached skill level 1 in Long Blades
  6863 | D:7      | Reached skill level 2 in Long Blades
  6928 | D:7      | Noticed a sixfirhy
  6930 | D:7      | Found a runed translucent door.
  6978 | D:8      | Found Ynuodieno's General Store.
  7017 | D:8      | Reached skill level 4 in Spellcasting
  7029 | D:8      | Noticed a kobold demonologist
  7117 | D:8      | Noticed an ice devil
  7118 | D:8      | Noticed a rust devil
  7123 | D:8      | Reached skill level 3 in Long Blades
  7126 | D:8      | Killed a kobold demonologist
  7127 | D:8      | Reached skill level 4 in Long Blades
  7127 | D:8      | Reached skill level 5 in Spellcasting
  7128 | D:8      | Reached XP level 10. HP: 55/56 MP: 5/18
  7136 | D:8      | Reached skill level 5 in Long Blades
  7253 | D:8      | Reached ** piety under Sif Muna
  7256 | D:8      | Reached skill level 6 in Spellcasting
  7463 | D:8      | Paralysed by a hornet for 3 turns
  7469 | D:8      | Reached skill level 6 in Long Blades
  7770 | D:8      | Reached skill level 7 in Spellcasting
  7816 | D:8      | Learned a level 2 spell: Blink
  7821 | D:8      | Learned a level 4 spell: Dispel Undead
  8180 | D:9      | Found a snail-covered altar of Cheibriados.
  8227 | D:9      | Found a staircase to the Lair.
  8239 | D:9      | Reached skill level 7 in Long Blades
  8410 | D:9      | Reached skill level 3 in Dodging
  8418 | D:9      | Found Qaisiy's Antique Armour Boutique.
  8476 | D:9      | Reached *** piety under Sif Muna
  8565 | D:9      | Noticed Jeremiah
  8654 | D:9      | Noticed an eight-headed hydra
  8752 | D:9      | Killed Jeremiah
  8803 | D:10     | Entered Level 10 of the Dungeon
  8823 | D:10     | Reached skill level 4 in Dodging
  8916 | D:10     | Identified a potion of might
  8941 | D:10     | Reached XP level 11. HP: 61/61 MP: 12/21
  8944 | D:10     | Reached skill level 8 in Long Blades
  9052 | D:10     | Reached skill level 5 in Dodging
  9327 | D:10     | Reached skill level 1 in Necromancy
  9377 | D:10     | Noticed a skeletal warrior
  9377 | D:10     | Noticed a cyclops
  9402 | D:10     | Identified 4 scrolls of enchant weapon
  9403 | D:10     | Identified 3 scrolls of revelation
  9404 | D:10     | Identified 3 scrolls of torment
  9405 | D:10     | Identified 5 potions of curing
  9412 | D:10     | Reached skill level 2 in Necromancy
  9750 | D:10     | Noticed an eight-headed hydra
  9832 | D:10     | Reached skill level 3 in Necromancy
  9958 | D:10     | Noticed a centaur warrior
  9963 | D:10     | Killed a centaur warrior
  9964 | D:10     | Reached skill level 4 in Necromancy
 10146 | D:10     | Reached skill level 5 in Necromancy
 10173 | D:10     | Upgraded the game from 0.31-a0-1272-g9f703e4 to
                  | 0.31-a0-1277-g9d81352
 10692 | D:11     | Reached skill level 6 in Necromancy
 10692 | D:11     | Reached **** piety under Sif Muna
 10884 | D:11     | Reached skill level 7 in Necromancy
 10934 | D:11     | Found Xanij's Magic Scroll Emporium.
 10942 | D:11     | Bought a scroll of teleportation for 36 gold pieces
 11062 | D:11     | Noticed Josephine
 11120 | D:11     | Reached skill level 1 in Fighting
 11216 | D:11     | Killed Josephine
 11217 | D:11     | Reached skill level 3 in Fighting
 11327 | D:11     | Noticed Urug
 11339 | D:11     | Killed Urug
 11340 | D:11     | Reached skill level 4 in Fighting
 11559 | D:11     | Reached skill level 5 in Fighting
 11652 | D:11     | Noticed a two-headed ogre
 11659 | D:11     | Killed a two-headed ogre
 11660 | D:11     | Reached XP level 12. HP: 77/77 MP: 22/22
 11759 | D:11     | Noticed a boulder beetle
 11771 | D:11     | Killed a boulder beetle
 11772 | D:11     | Reached skill level 9 in Long Blades
 11835 | D:11     | Found a staircase to the Orcish Mines.
 12092 | D:11     | Found a runed translucent gate.
 12093 | D:11     | Found a runed translucent gate.
 12094 | D:11     | Found a runed translucent gate.
 12233 | D:11     | a glowing orange brain changed into a broodmother
 12233 | D:11     | Noticed a broodmother (glowing shapeshifter)
 12295 | D:12     | Reached skill level 10 in Long Blades
 12499 | D:12     | Learned a level 3 spell: Tukima's Dance
 12505 | D:12     | Noticed a two-headed ogre
 12508 | D:12     | Noticed a two-headed ogre
 12526 | D:12     | Killed a two-headed ogre
 12656 | D:12     | Found a runed translucent door.
 12664 | D:12     | Reached skill level 11 in Long Blades
 12679 | D:12     | Noticed a boulder beetle
 12697 | D:12     | Killed a boulder beetle
 12761 | D:12     | Killed a two-headed ogre
 13330 | D:12     | Reached skill level 12 in Long Blades
 13472 | D:12     | Identified the +4 trident of Mapuot {drain, ^Fragile Str+3
                  | Int+3}
 13472 | D:12     | Noticed Sumgai83's ghost (journeyman SpEn)
 13645 | D:10     | Noticed an ogre mage
 13648 | D:10     | Killed an ogre mage
 13651 | D:10     | Identified the +2 trident "Beteuch" {antimagic, Dex+3}
 13745 | D:9      | Reached skill level 1 in Shields
 13746 | D:9      | Reached ***** piety under Sif Muna
 13748 | D:9      | Killed an eight-headed hydra
 13749 | D:9      | Reached skill level 2 in Shields
 13841 | Lair:1   | Entered Level 1 of the Lair of Beasts
 13864 | Lair:1   | Reached skill level 3 in Shields
 13944 | Lair:1   | Reached skill level 4 in Shields
 13973 | Lair:1   | Reached XP level 13. HP: 13/81 MP: 5/23
 14214 | Lair:1   | Reached skill level 5 in Shields
 14293 | Lair:1   | Reached skill level 13 in Long Blades
 14307 | Lair:1   | Identified 2 potions of ambrosia
 14308 | Lair:1   | Identified 3 potions of enlightenment
 14309 | Lair:1   | Identified 3 potions of haste
 14347 | Lair:1   | Identified 6 potions of degeneration
 14541 | Lair:1   | Reached skill level 6 in Shields
 14870 | Lair:2   | Found a runed translucent door.
 14874 | Lair:2   | Noticed Afrinuqu's ghost (journeyman HOFi)
 14897 | Lair:2   | Received a gift from Sif Muna
 14905 | Lair:2   | Reached skill level 7 in Shields
 14915 | Lair:2   | Got Muekuoc's Spellbook of Fascination {god gift}
 15565 | Lair:2   | Found a staircase to the Shoals.
 15586 | Lair:2   | Reached skill level 8 in Shields
 16393 | Lair:3   | Identified 2 scrolls of amnesia
 16395 | Lair:3   | Identified 2 scrolls of blinking
 16396 | Lair:3   | Identified 2 scrolls of silence
 16712 | Lair:3   | Identified 2 scrolls of fog
 16713 | Lair:3   | Identified 2 scrolls of poison
 16814 | Lair:3   | Identified a scroll of brand weapon
 16907 | Lair:3   | Reached skill level 9 in Shields
 16979 | Lair:3   | Identified a scroll of vulnerability
 17155 | Lair:3   | Found a staircase to the Snake Pit.
 17456 | Lair:4   | Reached skill level 14 in Long Blades
 17627 | Lair:4   | Reached skill level 10 in Shields
 18068 | Lair:4   | Identified a potion of brilliance
 18114 | Lair:4   | Found a staircase to the Slime Pits.
 18115 | Lair:4   | Found a viscous altar of Jiyva.
 18128 | Lair:4   | Reached skill level 11 in Shields
 18205 | Lair:4   | Identified a potion of cancellation
 18206 | Lair:4   | Identified a scroll of enchant armour
 18207 | Lair:4   | Identified 2 scrolls of noise
 18696 | Lair:5   | Entered Level 5 of the Lair of Beasts
 18707 | Lair:5   | Reached XP level 14. HP: 88/88 MP: 24/24
 18710 | Lair:5   | Reached skill level 12 in Shields
 19041 | Lair:5   | Reached skill level 13 in Shields
 19235 | Lair:5   | Identified 2 scrolls of fear
 19333 | Lair:5   | Reached skill level 15 in Long Blades
 19508 | Lair:5   | Reached skill level 1 in Shapeshifting
 19518 | Lair:5   | Received a gift from Sif Muna
 19535 | Lair:5   | Upgraded the game from 0.31-a0-1277-g9d81352 to
                  | 0.31-a0-1278-g11c5b68
 19776 | Lair:5   | Reached skill level 2 in Shapeshifting
 19908 | Lair:5   | Reached skill level 3 in Shapeshifting
 20113 | Lair:5   | Reached skill level 4 in Shapeshifting
 20271 | Lair:5   | Identified the +1 morningstar "Suolliav" {flame, *Rage rC+
                  | rCorr Dex+3}
 20652 | Orc:1    | Entered Level 1 of the Orcish Mines
 20652 | Orc:1    | Noticed Harold
 20688 | Orc:1    | Killed Harold
 20689 | Orc:1    | Reached skill level 5 in Shapeshifting
 21415 | Orc:2    | Entered Level 2 of the Orcish Mines
 21786 | Orc:2    | Found Qupti's Antique Armour Shop.
 21848 | Orc:2    | Reached skill level 6 in Shapeshifting
 21849 | Orc:2    | Found a staircase to the Elven Halls.
 21972 | Orc:2    | Found Semer's Antique Weapon Shoppe.
 22268 | Orc:2    | Found Sodergh's General Store.
 22415 | Orc:2    | Bought a scroll of blinking for 90 gold pieces
 22438 | Orc:2    | Found a runed translucent door.
 22444 | Orc:2    | Noticed wqsa789's ghost (journeyman GnFi)
 22501 | Orc:2    | Reached skill level 7 in Shapeshifting
 22527 | Orc:2    | Reached skill level 8 in Shapeshifting
 22727 | Orc:2    | Noticed an orc warlord
 22756 | Orc:2    | Killed an orc warlord
 22764 | Orc:2    | Paralysed by an orc sorcerer for 3 turns
 22772 | Orc:2    | Found Neuntibidd's Book Emporium.
 23201 | Orc:2    | Killed wqsa789's ghost
 23202 | Orc:2    | Reached skill level 9 in Shapeshifting
 23507 | D:13     | Reached XP level 15. HP: 74/92 MP: 21/25
 23561 | D:13     | Reached skill level 1 in Translocations
 23665 | D:13     | Received a gift from Sif Muna
 23668 | D:13     | Got Sif Muna's Tome of the Earthen Gift {god gift}
 23673 | D:13     | Found a gate leading to a gauntlet.
 23686 | Gauntlet | Entered a Gauntlet
 23686 | Gauntlet | Found a transporter.
 23686 | Gauntlet | Found a transporter.
 23690 | Gauntlet | Found a transporter.
 23691 | Gauntlet | Found a transporter.
 23700 | Gauntlet | Found a transporter.
 23709 | Gauntlet | Found a large runed translucent door.
 23710 | Gauntlet | Found a large runed translucent door.
 23711 | Gauntlet | Found a large runed translucent door.
 23711 | Gauntlet | Found a large runed translucent door.
 23711 | Gauntlet | Found a large runed translucent door.
 23725 | Gauntlet | Found a transporter.
 23749 | Gauntlet | Found a transporter.
 23753 | Gauntlet | Found a transporter.
 23753 | Gauntlet | Found a transporter.
 23757 | Gauntlet | Found a transporter.
 23777 | Gauntlet | Found a transporter.
 23849 | Gauntlet | Found a transporter.
 23864 | Gauntlet | Found a transporter.
 23866 | Gauntlet | Found a large runed translucent door.
 23867 | Gauntlet | Found a large runed translucent door.
 23868 | Gauntlet | Found a runed translucent door.
 23868 | Gauntlet | Found a runed translucent door.
 23868 | Gauntlet | Found a large runed translucent door.
 23868 | Gauntlet | Found a large runed translucent door.
 23872 | Gauntlet | Found a large runed translucent door.
 23873 | Gauntlet | Found a large runed translucent door.
 23873 | Gauntlet | Found a large runed translucent door.
 23874 | Gauntlet | Found a large runed translucent door.
 23874 | Gauntlet | Found a large runed translucent door.
 23874 | Gauntlet | Found a large runed translucent door.
 23876 | Gauntlet | Found a runed translucent gate.
 23876 | Gauntlet | Found a runed translucent gate.
 23876 | Gauntlet | Found a runed translucent gate.
 23878 | Gauntlet | Found a transporter.
 23889 | Gauntlet | Found a large runed translucent door.
 23979 | Gauntlet | Found a transporter.
 23996 | Gauntlet | Found a transporter.
 24099 | Gauntlet | Reached skill level 2 in Translocations
 24110 | Gauntlet | Learned a level 3 spell: Mephitic Cloud
 24114 | Gauntlet | Learned a level 3 spell: Swiftness
 24145 | Gauntlet | Identified the amulet "Faycyrun" {Acrobat Harm rC+ Dex+2}
 24204 | Gauntlet | Killed from afar by a hell hog

Illustrated notes

Levels and vault maps discovered:
D:1:      dpeg_arrival_pond, layout_basic, minmay_statues_item, moated_statue,
          minmay_misc_feat_room, minmay_misc_feat_roman, minmay_unequal
D:2:      layout_basic, basic_altar, hex_tiny, kennysheep_generic_room_5
D:3:      layout_rooms, overflow_temple_1_default, fedhas_altar_4,
          hellmonk_ecumenical_altar_leap_of_faith
D:4:      layout_cave_pods, minmay_temple_entry_nine_rooms,
          gammafunk_ghost_arena
D:5:      layout_loops_ring, serial_glass, glass_columns_a, glass_columns_a
D:6:      layout_basic, grunt_ministairs_3
D:7:      cheibrodos_shockbox, layout_loops_ring, amcnicky_altar_gilded,
          kb_rosetta
D:8:      layout_rooms, serial_shops, shop, hangedman_incinerator
D:9:      layout_roguey, lemuel_doored_altar, dpeg_oklobed_lair, special_room
          [special_room_orc], serial_shops, shop, uniq_jeremiah
D:10:     minmay_the_grid_four_pointed_star
          [minmay_the_grid_triangle_9x9_sparse_checkered,
          minmay_the_grid_triangle_9x9_semitri,
          minmay_the_grid_triangle_9x9_limited_checkers,
          minmay_the_grid_triangle_9x9_empty,
          minmay_the_grid_prize_shrinking_boxes], layout_long_grid
D:11:     layout_basic, david_orc_5,
          ploomutoo_gammafunk_ghost_potion_laboratory, serial_shops,
          nicolae_shop_trees, uniq_josephine, uniq_urug
D:12:     layout_roguey, ebering_ghost_funeral_grove, minmay_misc_feat_doors,
          minmay_misc_feat_five
D:13:     layout_loops_ring, serial_shops, shop, gauntlet_entry_generic
Temple:   hc_temple_tempest_star
Lair:1:   layout_hall_layers, st_stairs_7, minivault_25, minivault_24,
          infiniplex_staircase_pool_2, serial_bayou_shore_a
Lair:2:   layout_chaotic_city, mainiacjoe_shoals_entry_four_pools,
          ebering_ghost_inner_flame, chequers_serial_rivers_micro_a,
          serial_bayou_shore_b
Lair:3:   layout_loops_ring, guppyfry_snake_entry_island
Lair:4:   layout_long_grid, minmay_slime_entry_pillars, grunt_megastairs_2,
          serial_bayou_shore_b
Lair:5:   minmay_lair_end_enchanted_forest, layout_gridlike,
          kennysheep_basilisk_garden, lemuel_fruit_tree, serial_bayou_shore_b
Orc:1:    layout_caves, hangedman_feature_mirror, uniq_harold
Orc:2:    grunt_orc_gardens, layout_caves, grunt_orc_garden, grunt_orc_garden,
          grunt_orc_garden, grunt_orc_garden, hellmonk_ghost_happy_afterlife,
          regret_index_minedec_guest_junction, nicolae_orc_sculptors_studio,
          elves_outpost_lemuel
Gauntlet: gammafunk_gauntlet_branching [nicolae_gauntlet_arena_x,
          gammafunk_gauntlet_arena_spirals, gammafunk_gauntlet_arena_crates,
          gammafunk_gauntlet_arena_split_x, gammafunk_gauntlet_arena_corners,
          minmay_gauntlet_arena_make_your_own_arena,
          gammafunk_gauntlet_arena_grid, gammafunk_gauntlet_arena_arrow_garden,
          gauntlet_exit_watery]

Skill      XL: |  1  2  3  4  5  6  7  8  9 10 11 12 13 14 15 |
---------------+----------------------------------------------+-----
Spellcasting   | 3 5 7 |  7.0
Ice Magic      | 5 6 7 |  7.0
Stealth        | 4 6 9 10 | 10.5
Hexes          | 2 4 6 7 |  7.0
Long Blades    | 4 7 8 12 14 15 | 15.0
Dodging        | 4 5 |  5.0
Necromancy     | 7 |  7.0
Fighting       | 5 |  5.0
Shields        | 4 11 13 | 13.1
Shapeshifting  | 9 |  9.3
Translocations | 2 |  2.0

Action                     |  1- 3 |  4- 6 |  7- 9 | 10-12 | 13-15 || total
---------------------------+-------+-------+-------+-------+-------++-------
  Melee: Dagger            |     6 |    40 |   100 |   226 |   451 ||   823
         Constrict         |     2 |     5 |    18 |    44 |    62 ||   131
         Tentacles         |     1 |     8 |    23 |    78 |   120 ||   230
         Punch             |       |     1 |       |    12 |     8 ||    21
         Unarmed           |       |       |       |    12 |       ||    12
         Rapier            |       |       |       |    57 |       ||    57
         Long sword        |       |       |       |    10 |    28 ||    38
   Cast: Freeze            |    32 |    64 |     4 |     9 |    10 ||   119
         Frozen Ramparts   |       |     3 |    15 |    22 |    14 ||    54
         Ozocubu's Armour  |       |     3 |     8 |    20 |    11 ||    42
         Ensorcelled Hiber |       |       |    17 |    80 |   169 ||   266
         Dispel Undead     |       |       |       |    18 |     3 ||    21
         Dazzling Flash    |       |       |       |       |    12 ||    12
         Tukima's Dance    |       |       |       |       |     7 ||     7
         Blink             |       |       |       |       |     3 ||     3
  Evoke: Wand              |       |       |     9 |     6 |     2 ||    17
         Lightning rod     |       |       |       |     2 |     4 ||     6
    Use: Scroll            |       |     3 |     1 |     4 |    21 ||    29
         Potion            |       |       |     3 |     9 |     5 ||    17
   Stab: Sleeping          |     3 |     8 |    22 |    51 |   130 ||   214
         Invisible         |       |       |     1 |       |    13 ||    14
         Distracted        |       |       |       |       |     3 ||     3
 Armour: Skin              |    11 |    15 |    61 |   127 |   161 ||   375
  Dodge: Dodged            |     9 |    50 |    75 |   195 |   230 ||   559
  Block: Other             |     1 |    12 |    17 |    58 |    45 ||   133
         Reflection        |       |     1 |     1 |     3 |     3 ||     8
         Kite shield       |       |       |       |       |   133 ||   133
         Form:             |       |       |       |       |     1 ||     1
         Maw               |       |       |       |       |     1 ||     1

Table legend: (Time is in decaauts)
 A = Elapsed time spent in this place.
 B = Non-inter-level travel time spent in this place.
 C = Inter-level travel time spent in this place.
 D = Time resting spent in this place.
 E = Time spent auto-exploring this place.
 F = Levels seen in this place.
 G = Mean time per level.
                   A        B        C        D        E       F      G
               +--------+--------+--------+--------+--------+-----+--------+
         Total |  23962 |  22698 |   1264 |   5489 |  11808 |  22 | 1089.2 |
       Dungeon |  14502 |  13608 |    894 |   3503 |   6839 |  13 | 1115.5 |
        Temple |     24 |      1 |     23 |      0 |      0 |   1 |   24.0 |
          Lair |   6601 |   6354 |    247 |   1565 |   3606 |   5 | 1320.2 |
  Orcish Mines |   2339 |   2240 |     99 |    421 |   1363 |   2 | 1169.5 |
      Gauntlet |    494 |    494 |      0 |      0 |      0 |   1 |  494.0 |
               +--------+--------+--------+--------+--------+-----+--------+

Top non-repeatable levels by time:
    D:10: 2068 daAuts
    D:11: 2033 daAuts
  Lair:5: 1738 daAuts
   Orc:2: 1651 daAuts
     D:6: 1350 daAuts
  Lair:2: 1307 daAuts
    D:12: 1305 daAuts
  Lair:4: 1296 daAuts
  Lair:3: 1242 daAuts
     D:2: 1224 daAuts
     D:8: 1108 daAuts
  Lair:1: 1016 daAuts
     D:7: 1015 daAuts
     D:1: 938 daAuts
     D:4: 916 daAuts
